 Dungeon Crawl Stone Soup version 0.29-a0-322-g68df515428 (webtiles) character file.

Game seed: 9592883521056737326

91 sizableburger the Skirmisher (level 4, -2/28 HPs)
             Began as a Deep Elf Fighter on Apr 5, 2022.
             Slain by Grinder (3 damage)
             ... while paralysed by Grinder
             ... on level 3 of the Dungeon.
             The game lasted 00:03:36 (2154 turns).

sizableburger the Skirmisher (Deep Elf Fighter)     Turns: 2154, Time: 00:03:36

Health: -2/28      AC:  7    Str: 15    XL:     4   Next: 33%
Magic:  6/6        EV:  2    Int: 13    God:
Gold:   164        SH:  0    Dex: 14    Spells: 3/3 levels left

rFire   . . .      SeeInvis .   a - +0 war axe
rCold   . . .      Faith    .   c - +0 buckler
rNeg    . . .      Spirit   .   b - +0 scale mail
rPois   .          Reflect  .   (no helmet)
rElec   .          Harm     .   (no cloak)
rCorr   +          Rampage  .   l - +0 pair of gloves
Will    .....                   (no boots)
Stlth   ..........              (no amulet)
HPRegen 0.09/turn               g - ring of resist corrosion
MPRegen 0.10/turn               (no ring)

@: paralysed, mighty
A: no striking features
a: no special abilities


You were on level 3 of the Dungeon.
You visited 1 branch of the dungeon, and saw 3 of its levels.

You collected 164 gold pieces.

Inventory:

Hand Weapons
 a - a +0 war axe (weapon)
Armour
 b - a +0 scale mail (worn)
 c - a +0 buckler (worn)
 l - a +0 pair of gloves (worn)
Jewellery
 g - a ring of resist corrosion (left hand)
Scrolls
 e - a scroll of amnesia {unknown}
 f - 4 scrolls of identify {unknown}
 i - 2 scrolls of silence {unknown}
 j - a scroll of teleportation {unknown}
 m - a scroll of fear {unknown}
 o - a scroll of enchant weapon {unknown}
Potions
 h - a potion of invisibility {unknown}
 k - a potion of mutation {unknown}
 n - a potion of curing {unknown}


   Skills:
 - Level 3.2 Fighting
 + Level 2.9 Axes
 - Level 2.4 Armour
 + Level 1.5 Dodging
 - Level 2.4 Shields


You had 3 spell levels left.
You didn't know any spells.
Your spell library was empty.

Dungeon Overview and Level Annotations

Branches:
Dungeon (3/15)

Altars:
Qazlal
Sif Muna

Shops:
D:1 [

Annotations:
D:3 Grinder


Message History

The rat is heavily wounded.
You block the rat's attack.
You slash the rat!
You kill the rat!
No target in view!
Found a stormy altar of Qazlal.
Grinder comes into view.
Grinder gestures at you. Pain shoots through your body!
Throw: throwing net
Press: ? - help, Q - select action Shift-Dir - straight line, f - Grinder
Aim: Grinder (55% to hit)
You throw a throwing net.
The throwing net closely misses Grinder.
Unknown command.
Okay, then.
You feel very mighty all of a sudden. Grinder hits you.
You hit Grinder.
Grinder is lightly wounded.
Grinder gestures at you. Pain shoots through your body!
Grinder barely misses you.
You barely miss Grinder.
Grinder is lightly wounded.
Grinder barely misses you.
You slash Grinder!
Grinder is heavily wounded.
Grinder hits you!
You writhe in agony.
* * * LOW HITPOINT WARNING * * *
Grinder barely misses you.
You hit Grinder.
Grinder is heavily wounded.
Grinder gestures at you.
You suddenly lose the ability to move!
Grinder hits you.
* * * LOW HITPOINT WARNING * * *
Grinder hits you.
* * * LOW HITPOINT WARNING * * *
You writhe in agony.
You die...

## # ...# .#.# _..
########.# #....##..###
#.##.#.@5.(#
##########.##..####.....
...........###..........
≈≈≈≈≈≈≈....# #####.... .
..≈≈≈≈≈≈.#.# ..
8...._≈≈.#...
..≈≈≈≈≈≈.###.#
≈≈≈≈≈≈≈...##.#
.......).....#


You could see Grinder.

Vanquished Creatures
  3 adders (D:2)
  2 dart slugs (D:1)
  5 bats
  7 endoplasms
  2 giant cockroaches
  4 goblins
  8 hobgoblins
  2 jackals (D:1)
  2 quokkas
  8 ball pythons
  A frilled lizard (D:1)
  5 kobolds
  7 rats
56 creatures vanquished.

Notes
Turn   | Place    | Note
-------+----------+-------------------------------------------
     0 | D:1      | sizableburger the Deep Elf Fighter began the quest for the
                  | Orb.
     0 | D:1      | Reached XP level 1. HP: 13/13 MP: 3/3
   231 | D:1      | Reached XP level 2. HP: 18/18 MP: 4/4
   566 | D:1      | Found Alea's Armour Shoppe.
   888 | D:1      | Reached skill level 3 in Fighting
   984 | D:1      | Reached XP level 3. HP: 23/23 MP: 5/5
  1502 | D:2      | Identified the +1 ring mail of Hopscotch {rF++}
  1719 | D:2      | Reached XP level 4. HP: 17/28 MP: 6/6
  1765 | D:2      | Reached skill level 1 in Dodging
  1994 | D:3      | Found a shimmering blue altar of Sif Muna.
  2144 | D:3      | Found a stormy altar of Qazlal.
  2145 | D:3      | Noticed Grinder
  2152 | D:3      | Paralysed by Grinder for 5 turns
  2154 | D:3      | HP: 1/28 [Grinder (6)]
  2154 | D:3      | Slain by Grinder

Illustrated notes

Levels and vault maps discovered:
D:1:      onia_arrival_pyramid, layout_basic, serial_shops, shop,
          minmay_close_crescents
D:2:      layout_rooms, serial_park_tiny_2, grunt_ministairs_5, eino_curves_03
D:3:      layout_rooms, mainiacjoe_overflow_catwalk, nzn_wu_jian_council_hall,
          lemuel_crystal_altar, uniq_grinder

Skill      XL: |  1  2  3  4 |
---------------+-------------+-----
Axes           | 2 |  2.9
Fighting       | 3 |  3.2
Dodging        | 1 |  1.5
Armour         | |  2.4
Shields        | |  2.4

Action                   |  1- 3 |  4- 6 || total
-------------------------+-------+-------++-------
Melee: War axe           |   125 |    37 ||   162
Throw: Throwing net      |       |     1 ||     1
  Use: Potion            |       |     1 ||     1
Armor: Scale mail        |    58 |    16 ||    74
Dodge: Dodged            |    61 |    13 ||    74
Block: Buckler           |    38 |     8 ||    46

Table legend: (Time is in decaauts)
 A = Elapsed time spent in this place.
 B = Non-inter-level travel time spent in this place.
 C = Inter-level travel time spent in this place.
 D = Time resting spent in this place.
 E = Time spent auto-exploring this place.
 F = Levels seen in this place.
 G = Mean time per level.
                   A        B        C        D        E       F      G
               +--------+--------+--------+--------+--------+-----+--------+
         Total |   2225 |   2113 |    112 |    350 |   1304 |   3 |  741.7 |
       Dungeon |   2225 |   2113 |    112 |    350 |   1304 |   3 |  741.7 |
               +--------+--------+--------+--------+--------+-----+--------+

Top non-repeatable levels by time:
     D:1: 1488 daAuts
     D:2: 640 daAuts
     D:3: 96 daAuts
